 Dungeon Crawl Stone Soup version 0.21.1-1-g345015f (webtiles) character file.

217 Krilegs the Digger (level 5, -1/28 HPs)
             Began as a Gargoyle Earth Elementalist on May 7, 2018.
             Killed by Freeze
             ... invoked by emiel's ghost
              (7 damage)
             ... on level 3 of the Dungeon.
             The game lasted 00:09:25 (2185 turns).

Krilegs the Digger (Gargoyle Earth Elementalist)    Turns: 2185, Time: 00:09:26

Health: -1/28      AC:  6    Str: 11    XL:     5   Next: 94%
Magic:  1/19       EV: 12    Int: 17    God:
Gold:   60         SH:  0    Dex: 10    Spells: 5/11 levels left

rFire    . . .     SeeInvis +     - Unarmed
rCold    . . .     Gourm    .   (no shield)
rNeg     + . .     Faith    .   c - +0 robe
rPois    ∞         Spirit   .   (no helmet)
rElec    +         Reflect  .   (no cloak)
rCorr    .         Harm     .   (no gloves)
MR       .....                  (no boots)
Stlth    ++........             (no amulet)
HPRegen  0.09/turn              a - ring of magical power
MPRegen  0.16/turn              n - ring of see invisible

@: very slightly contaminated
A: negative energy resistance 1, electricity resistance, unbreathing,
petrification resistance, rot immunity, AC +4
a: no special abilities


You were on level 3 of the Dungeon.
You were very hungry.

You visited 1 branch of the dungeon, and saw 3 of its levels.

You collected 60 gold pieces.

Inventory:

Armour
 c - a +0 robe (worn)
Jewellery
 a - a ring of magical power (left hand)
 n - a ring of see invisible (right hand)
Scrolls
 f - a scroll of teleportation
 h - 2 scrolls of identify
 l - a scroll of immolation {unknown}
Potions
 b - a potion of haste
 k - a potion of curing {unknown}
 m - a potion of invisibility {unknown}
Books
 e - a book of Geomancy

   Spells                             Type                      Level
   a - Sandblast                      Earth                        1
   b - Passwall                       Transmutation/Earth          2
   c - Stone Arrow                    Conjuration/Earth            3
   d - Petrify                        Transmutation/Earth          4
   e - Lee's Rapid Deconstruction     Earth                        5
Comestibles
 d - 3 rations


   Skills:
 + Level 2.2 Dodging
 + Level 2.6 Stealth
 + Level 1.3 Unarmed Combat
 + Level 3.7 Spellcasting
 + Level 0.7 Transmutations
 + Level 5.2 Earth Magic


You had 5 spell levels left.
You knew the following spells:

 Your Spells              Type           Power        Failure   Level  Hunger
a - Sandblast             Erth           ###...       1%          1    None
b - Stone Arrow           Conj/Erth      ##....       16%         3    ###....
c - Passwall              Tmut/Erth      ##........   7%          2    ##.....


Dungeon Overview and Level Annotations

Branches:
Dungeon (3/15)

Altars:

Annotations:
D:3 emiel's ghost, weakling MfIE


Innate Abilities, Weirdness & Mutations

You are resistant to torment.
Your stone body is resilient. (AC +4)
You are immune to poison.
You resist negative energy. (rN+)
You are resistant to electric shocks. (rElec)
You can survive without breathing.
You are immune to petrification.
You are immune to rotting.


Message History

Confirm with . or Enter, or press ? or * to list all spells.
Aiming: Stone Arrow
Press: ? - help, Shift-Dir - straight line, f/p - emiel's ghost
Aim: emiel's ghost (moderately damaged)
The stone arrow hits emiel's ghost.
Emiel's ghost is heavily damaged.
Emiel's ghost casts a spell at you.
You are frozen.
* * * LOW HITPOINT WARNING * * *
You barely miss emiel's ghost.
Emiel's ghost is heavily damaged.
Emiel's ghost barely misses you.
You hit emiel's ghost.
Emiel's ghost is heavily damaged.
Emiel's ghost hits you but does no damage.
You closely miss emiel's ghost.
Emiel's ghost is heavily damaged.
Emiel's ghost gestures at you while chanting.
You are frozen.
You die...

*** *** *,**#.#
*,,,h.#
#############
*,**#.#
#............ *,*
#.####.###########
*,*
#.#.........#*****
*,*
#.#.##.####...,,,,
*,*
#.#........,,,,*,*
*,*
#@#..#.####***,*,*
*,* #W#..#.# *,*,*
*****,* #.#..#.#
*,*,* *,,,,,*
#.#..#.# *,*,*
**,**** #.#..#.#
*,*,* *,*
#.#..#.###****,,,,
*,*
#..........,,,,,,,
*,*
#.##.#.####***,**#
*.######.####.#
*,,,,


You could see emiel's ghost and a jackal (sleeping).

Vanquished Creatures
  An orc priest (D:3)
  An orc wizard (D:3)
  A gnoll (D:1)
  5 adders
  3 oozes
  A worm (D:2)
  6 dart slugs
  4 leopard geckos
  4 orcs (D:3)
  A ball python (D:3)
  6 giant cockroaches
  8 goblins
  6 hobgoblins
  2 jackals (D:1)
  4 kobolds
  2 quokkas (D:2)
  8 bats
  3 frilled lizards
  8 rats
74 creatures vanquished.

Notes
Turn   | Place    | Note
-------+----------+-------------------------------------------
     0 | D:1      | Krilegs the Gargoyle Earth Elementalist began the quest for the Orb.
     0 | D:1      | Reached XP level 1. HP: 10/10 MP: 3/3
    33 | D:1      | Reached skill level 4 in Earth Magic
    33 | D:1      | Reached XP level 2. HP: 13/15 MP: 0/5
   231 | D:1      | Reached XP level 3. HP: 15/19 MP: 1/6
   545 | D:1      | Reached XP level 4. HP: 24/24 MP: 8/8
   736 | D:1      | Reached skill level 1 in Unarmed Combat
   931 | D:2      | Learned a level 3 spell: Stone Arrow
   940 | D:2      | Learned a level 2 spell: Passwall
  1232 | D:2      | Reached XP level 5. HP: 23/28 MP: 7/9
  1759 | D:3      | Reached skill level 5 in Earth Magic
  2078 | D:3      | Noticed emiel's ghost (weakling MfIE)
  2185 | D:3      | Killed from afar by emiel's ghost

Skill      XL: |  1  2  3  4  5 |
---------------+----------------+-----
Earth Magic    | 4 5 |  5.2
Unarmed Combat | 1 |  1.3
Dodging        | 2 |  2.2
Spellcasting   | 3 |  3.7
Stealth        | |  2.6
Transmutations | |  0.7

Action                   |  1- 3 |  4- 6 || total
-------------------------+-------+-------++-------
Melee: Unarmed           |    52 |    60 ||   112
 Cast: Sandblast         |    26 |    40 ||    66
       Stone Arrow       |       |    24 ||    24
  Use: Scroll            |       |     4 ||     4
       Potion            |       |     1 ||     1
  Eat: Ration            |       |     1 ||     1
       Chunk             |       |     2 ||     2
Armor: Robe              |    25 |    46 ||    71
Dodge: Dodged            |    33 |    65 ||    98
